 Dungeon Crawl Stone Soup version 0.32-a0-350-g4f4d228785 (webtiles) character file.

Game seed: 8860584044109822400

2459 Aldia the Covert (level 9, -3/53 HPs)
             Began as a Vampire Enchanter on Feb 17, 2024.
             Slain by a yak (5 damage)
             ... on level 7 of the Dungeon.
             The game lasted 00:11:06 (5438 turns).

Aldia the Covert (Vampire Enchanter)                Turns: 5438, Time: 00:11:06

Health: -3/53      AC:  5    Str:  7    XL:     9   Next: 26%
Magic:  7/15       EV: 15    Int: 19    God:
Gold:   353        SH:  0    Dex: 17    Spells: 6/16 levels left

rFire   . . .        n - +4 dagger (venom)
rCold   + + .        (no shield)
rNeg    + + +        g - +2 robe {Will+}
rPois   ∞            (no helmet)
rElec   .            q - +0 cloak
rCorr   .            (no gloves)
SInv    +            (no boots)
Will    +....        x - amulet of regeneration
Stlth   ++++++       (no ring)
HPRegen 0.00/turn    (no ring)
MPRegen 0.14/turn

%: no passive effects
@: bloodless, inhibited regen, invisible
A: bloodless, fangs 3, see invisible, vampiric 2
a: Bat Form, Revivify


You were on level 7 of the Dungeon.
You visited 1 branch of the dungeon, and saw 7 of its levels.

You collected 479 gold pieces.
You spent 126 gold pieces at shops.

Inventory:

Hand Weapons
 n - a +4 dagger of venom (weapon)
 u - a +1 dagger of electrocution
Missiles
 p - 2 throwing nets (quivered)
Armour
 g - a +2 robe of willpower (worn)
 q - a +0 cloak (worn)
Jewellery
 x - an amulet of regeneration (around neck)
Talismans
 w - a maw talisman
Wands
 i - a wand of charming (7)
 r - a wand of flame (21)
 v - a wand of acid (5)
Scrolls
 a - 3 scrolls of teleportation
 e - a scroll of fog
 f - a scroll of enchant weapon {unknown}
 j - a scroll of blinking {unknown}
 l - 2 scrolls of poison
 o - a scroll of noise
 s - a scroll of brand weapon {unknown}
 y - a scroll of torment {unknown}
Potions
 b - a potion of might
 d - 2 potions of haste
 h - a potion of berserk rage
 k - 2 potions of curing
 m - 4 potions of cancellation
 t - a potion of brilliance


   Skills:
 * Level 4.9 Fighting
 - Level 5.0 Short Blades
 + Level 6.0 Dodging
 + Level 9.0 Stealth
 - Level 4.0 Spellcasting
 - Level 8.0 Hexes
 + Level 2.8 Translocations
 - Level 1.0 Ice Magic


You had 6 spell levels left.
You knew the following spells:

 Your Spells              Type           Power      Damage    Failure   Level
a - Ensorcelled Hibernat  Hex/Ice        40%        N/A       3%          2
b - Confusing Touch       Hex            34%        N/A       1%          3
c - Tukima's Dance        Hex            34%        N/A       1%          3
d - Blink                 Tloc           28%        N/A       7%          2

Your spell library contained the following spells:

 Spells                   Type           Power      Damage    Failure   Level
 Cause Fear               Hex            17%        N/A       4%          4
 Lesser Beckoning         Tloc           28%        N/A       7%          2
 Dazzling Flash           Conj/Hex       38%        N/A       8%          3
 Momentum Strike          Conj/Tloc      18%        3d8       12%         2
 Anguish                  Hex/Necr       9%         N/A       26%         4
 Manifold Assault         Tloc           14%        N/A       41%         4
 Dispersal                Tloc           7%         N/A       100%        6
 Enfeeble                 Hex            17%        N/A       99%         7
 Disjunction              Tloc           7%         N/A       100%        8


Dungeon Overview and Level Annotations

Branches:
Dungeon (7/15)
 Temple: D:4-7

Altars:
Ashenzari
Dithmenos
Sif Muna
Trog
Xom
Yredelemnul

Shops:
D:5 !

Annotations:
D:3 2 runed translucent doors, n00bmints's ghost, amateur HuBe
D:4 3 runed translucent doors, cordlesssteve's ghost, amateur DESu


Innate Abilities, Weirdness & Mutations

You do not regenerate when monsters are visible.
You are frail without blood (-20% HP).
You can heal yourself when you bite living creatures.
You are immune to poison.
You have razor-sharp teeth.
You have supernaturally acute eyesight. (SInv)
You are afflicted with vampirism and can become a bat while bloodless.


Message History

Unknown command.
Unknown command.
You fade into invisibility!
The yak gores you.
* * * LOW HITPOINT WARNING * * *
The yak gores you.
* * * LOW HITPOINT WARNING * * *
The yak barely misses you.
You hit the yak. You bite the yak.
You draw the yak's blood!
You feel better.
The yak is lightly wounded.
Unknown command.
You closely miss the yak.
The yak is lightly wounded.
The yak misses you. The yak closely misses you.
The yak gores you but does no damage.
Unknown command.
You hit the yak but do no damage.
The yak is poisoned.
The yak is lightly wounded.
The yak closely misses you. The yak completely misses you.
You hit the yak.
The yak looks as sick as possible!
You bite the yak.
You draw the yak's blood!
You feel better.
The yak is heavily wounded.
The yak gores you.
* * * LOW HITPOINT WARNING * * *
Unknown command.
You hit the yak but do no damage.
The yak looks as sick as possible!
You bite the yak.
You draw the yak's blood!
You feel better.
The yak is heavily wounded.
Unknown command.
You hit the yak.
The yak looks as sick as possible!
The yak is heavily wounded.
The yak barely misses you. x2; The yak gores you.
* * * LOW HITPOINT WARNING * * *
Unknown command.
You hit the yak.
The yak looks as sick as possible!
The yak is severely wounded.
The yak gores you.
* * * LOW HITPOINT WARNING * * *
The yak gores you.
You die...

.........##....#..#
.....ß...#######..##
.........# #...##
.........# #....##
..[......## #.....##
.......... #......##
.........# #.......#
.........# #####.Y..#
.........###...#@Y.#
........###..†...Y.#
...................#
))......#...........#
.......###...........#
.......# ##..........#
......##
#............# ##....#
#............# ######
##............


You could see 3 yaks.

Vanquished Creatures
  Grinder (D:6)
  Sigmund (D:4)
  A shadow (D:6)
  3 yaks (D:7)
  A black bear (D:6)
  An ogre (D:6)
  A centaur (D:7)
  A kobold brigand (D:7)
  A phantom (D:5)
  3 howler monkeys (D:7)
  A bombardier beetle (D:5)
  A hound (D:4)
  A jelly (D:7)
  4 orc priests
  Crazy Yiuf (D:4)
  Terence (D:2)
  Ijyb (D:3)
  4 iguanas
  Natasha (thrice) (D:2)
  7 orc wizards
  A gnoll (D:5)
  10 adders
  A white imp (D:7)
  2 ufetubi (D:6)
  2 dart slugs
  2 ribbon worms
  24 orcs
  12 bats
  8 endoplasms
  4 giant cockroaches
  7 goblins
  5 hobgoblins
  12 kobolds
  3 quokkas (D:2)
  9 ball pythons
  3 frilled lizards
  6 rats
149 creatures vanquished.

Vanquished Creatures (others)
  An arcanist (D:5)
1 creature vanquished.

Grand Total: 150 creatures vanquished

Notes
Turn   | Place    | Note
-------+----------+-------------------------------------------
     0 | D:1      | Aldia the Vampire Enchanter began the quest for the Orb.
     0 | D:1      | Reached XP level 1. HP: 13/13 MP: 3/3
   107 | D:1      | Reached XP level 2. HP: 19/19 MP: 5/5
   116 | D:1      | Learned a level 2 spell: Ensorcelled Hibernation
   430 | D:1      | Reached skill level 5 in Stealth
   515 | D:1      | Gained mutation: You are afflicted with vampirism and can
                  | become a bat while bloodless. [Vampire growth]
   515 | D:1      | Reached XP level 3. HP: 19/19 MP: 3/6
   555 | D:1      | Learned a level 3 spell: Confusing Touch
   678 | D:2      | Noticed Natasha
   684 | D:2      | Killed Natasha
   685 | D:2      | Reached skill level 1 in Ice Magic
   846 | D:2      | Reached XP level 4. HP: 24/24 MP: 7/7
   879 | D:2      | Reached skill level 6 in Stealth
   977 | D:2      | Noticed Natasha
   979 | D:2      | Killed Natasha
   993 | D:2      | Noticed Terence
  1004 | D:2      | Killed Terence
  1005 | D:2      | Reached skill level 5 in Hexes
  1005 | D:2      | Reached XP level 5. HP: 18/28 MP: 5/8
  1098 | D:2      | Reached skill level 7 in Stealth
  1099 | D:2      | Noticed Natasha
  1106 | D:2      | Killed Natasha
  1113 | D:2      | Found a faded altar of an unknown god.
  1691 | D:3      | Reached XP level 6. HP: 31/32 MP: 4/9
  1717 | D:3      | Learned a level 3 spell: Tukima's Dance
  1916 | D:3      | Noticed Ijyb
  1923 | D:3      | Killed Ijyb
  1924 | D:3      | Reached skill level 8 in Stealth
  1971 | D:3      | Found a large runed translucent door.
  1972 | D:3      | Found a large runed translucent door.
  1975 | D:3      | Noticed n00bmints's ghost (amateur HuBe)
  2272 | D:4      | Found a runed translucent gate.
  2273 | D:4      | Found a runed translucent gate.
  2274 | D:4      | Found a runed translucent gate.
  2274 | D:4      | Noticed Sigmund
  2287 | D:4      | Killed Sigmund
  2288 | D:4      | Reached skill level 5 in Short Blades
  2288 | D:4      | Reached XP level 7. HP: 36/36 MP: 4/11
  3040 | D:4      | Noticed cordlesssteve's ghost (amateur DESu)
  3113 | D:4      | Found a runed translucent door.
  3114 | D:4      | Noticed Crazy Yiuf
  3238 | D:4      | Killed Crazy Yiuf
  3312 | D:5      | Entered Level 5 of the Dungeon
  3312 | D:5      | Found Aziz's Distillery.
  3341 | D:5      | Bought a potion of might for 56 gold pieces
  3341 | D:5      | Bought a potion of brilliance for 56 gold pieces
  3341 | D:5      | Bought a potion of degeneration for 14 gold pieces
  3658 | D:5      | Reached skill level 1 in Fighting
  3785 | D:5      | Found a bloodstained altar of Trog.
  3786 | D:5      | Noticed a wizard
  3791 | D:5      | Killed a wizard
  3969 | D:5      | Found a broken altar of Ashenzari.
  4094 | D:6      | Reached XP level 8. HP: 33/44 MP: 11/14
  4264 | D:6      | Learned a level 2 spell: Blink
  4272 | D:6      | Noticed Grinder
  4318 | D:6      | Killed Grinder
  4319 | D:6      | Reached skill level 1 in Translocations
  4332 | D:6      | Reached skill level 5 in Dodging
  4425 | D:6      | Found a shimmering blue altar of Sif Muna.
  4578 | D:6      | Found a shimmering altar of Xom.
  4587 | D:6      | Found a shadowy altar of Dithmenos.
  5225 | D:7      | Found a basalt altar of Yredelemnul.
  5354 | D:7      | Reached XP level 9. HP: 52/52 MP: 8/15
  5430 | D:7      | Reached skill level 9 in Stealth
  5431 | D:7      | HP: 1/53 [yak (3)]
  5438 | D:7      | HP: 2/53 [yak (5)]
  5438 | D:7      | Slain by a yak

Illustrated notes

Levels and vault maps discovered:
D:1:      giann_wishing_wells, layout_basic, kennysheep_nondescript,
          st_stairs_1, minmay_tall_x
D:2:      minmay_razor_zed, layout_basic, ebering_ecumenical_altar_abandoned,
          minmay_misc_feat_iff, minmay_pentomino_p2, uniq_terence, uniq_natasha
D:3:      layout_rooms, ebering_ghost_disaster_area, uniq_ijyb
D:4:      layout_loops_ring, gammafunk_ghost_icy, reono_crystal_passage,
          uniq_sigmund, uniq_crazy_yiuf_cottage
D:5:      layout_cave_pools, kennysheep_little_box, marbit_many_paths,
          trog_wizard, nicolae_stop_n_shop_1
D:6:      layout_basic, mainiacjoe_overflow_large_starburst,
          mainiacjoe_overflow_24_doors, uniq_grinder
D:7:      layout_cave_pods, lemuel_doored_altar, lemuel_temple_firewalk_b,
          serial_column_ruins, column_ruins_open_small, column_ruins_grid_3,
          column_ruins_grid_1, column_ruins_corridor_straight,
          kennysheep_small_circle, uniq_menkaure

Skill      XL: |  1  2  3  4  5  6  7  8  9 |
---------------+----------------------------+-----
Stealth        | 5 6 7 8 9 |  9.0
Short Blades   | 2 3 4 5 |  5.0
Ice Magic      | 1 |  1.0
Hexes          | 5 8 |  8.0
Spellcasting   | 3 4 |  4.0
Fighting       | 2 4 |  4.9
Dodging        | 5 6 |  6.0
Translocations | 2 |  2.8

Action                     |  1- 3 |  4- 6 |  7- 9 || total
---------------------------+-------+-------+-------++-------
  Melee: Dagger            |    65 |   102 |   151 ||   318
         Bite              |     5 |     8 |    16 ||    29
   Cast: Ensorcelled Hiber |     3 |    15 |    31 ||    49
         Tukima's Dance    |       |     2 |       ||     2
         Confusing Touch   |       |       |     3 ||     3
         Blink             |       |       |     1 ||     1
Ability: Exsanguinate      |     1 |       |       ||     1
    Use: Scroll            |       |     4 |     5 ||     9
         Potion            |       |     2 |     1 ||     3
   Stab: Sleeping          |     8 |    34 |    34 ||    76
         Distracted        |       |     2 |     2 ||     4
         Confused          |       |       |     3 ||     3
 Armour: Robe              |    36 |    50 |    89 ||   175
  Dodge: Dodged            |    46 |    64 |    87 ||   197

Table legend: (Time is in decaauts)
 A = Elapsed time spent in this place.
 B = Non-inter-level travel time spent in this place.
 C = Inter-level travel time spent in this place.
 D = Time resting spent in this place.
 E = Time spent auto-exploring this place.
 F = Levels seen in this place.
 G = Mean time per level.
                   A        B        C        D        E       F      G
               +--------+--------+--------+--------+--------+-----+--------+
         Total |   5380 |   5028 |    352 |      2 |   3956 |   7 |  768.6 |
       Dungeon |   5380 |   5028 |    352 |      2 |   3956 |   7 |  768.6 |
               +--------+--------+--------+--------+--------+-----+--------+

Top non-repeatable levels by time:
     D:6: 1020 daAuts
     D:4: 1000 daAuts
     D:2: 955 daAuts
     D:1: 709 daAuts
     D:5: 684 daAuts
     D:3: 620 daAuts
     D:7: 389 daAuts
